 Dungeon Crawl Stone Soup version 0.19-a0-1626-g5215c36 (webtiles) character file.

100 Alarkh the Slasher (level 4, -3/35 HPs)
             Began as a Mummy Fighter on Sept 18, 2016.
             Slain by a hippogriff (7 damage)
             ... on level 3 of the Dungeon.
             The game lasted 00:02:38 (2264 turns).

Alarkh the Slasher (Mummy Fighter)                  Turns: 2264, Time: 00:02:40

Health: -3/35      AC:  8    Str: 19    XL:     4   Next: 47%
Magic:  4/4        EV:  7    Int:  8    God:
Gold:   130        SH:  8    Dex: 11    Spells: 0 memorised, 3 levels left

rFire  x . .     SeeInvis .     a - +0 long sword
rCold  + . .     Gourm    .     b - +0 scale mail
rNeg   + + +     Faith    .     c - +0 shield
rPois  ∞         Spirit   .     (no helmet)
rElec  .         Dismiss  .     f - +0 cloak
rCorr  .         Reflect  .     (no gloves)
MR     .....     Harm     .     k - +0 pair of boots
Stlth  ..........               (no amulet)
                                (no ring)
                                (no ring)

@: no status effects
A: no food or potions, fire vulnerability, cold resistance 1, negative energy
resistance 3, torment resistance, unbreathing
a: no special abilities


You were on level 3 of the Dungeon.
You were not hungry.

You visited 1 branch of the dungeon, and saw 3 of its levels.

You collected 130 gold pieces.

Inventory:

Hand Weapons
 a - a +0 long sword (weapon)
Armour
 b - a +0 scale mail (worn)
 c - a +0 shield (worn)
 f - a +0 cloak (worn)
 k - a +0 pair of boots (worn)
Jewellery
 l - a +6 ring of strength {unknown}
Scrolls
 d - a scroll of identify {unknown}
 e - a scroll of amnesia {unknown}
 g - a scroll of fog {unknown}
 h - a scroll of magic mapping {unknown}
 i - a scroll of remove curse
 j - a scroll of enchant weapon {unknown}


   Skills:
 - Level 3.0 Fighting
 * Level 3.9 Long Blades
 - Level 2.4 Armour
 - Level 2.4 Shields


You had 3 spell levels left.
You didn't know any spells.

Dungeon Overview and Level Annotations

Branches:
Dungeon (3/15)

Altars:
Fedhas
Makhleb
Nemelex Xobeh
Vehumet


Innate Abilities, Weirdness & Mutations

You do not eat or drink.
Your flesh is vulnerable to fire.
You are immune to poison.
Your flesh is cold resistant. (rC+)
You are immune to negative energy. (rN+++)
You are immune to unholy pain and torment.
You can survive without breathing.


Message History

You hit the hippogriff but do no damage.
The hippogriff is severely wounded.
The hippogriff bites you. You block the hippogriff's attack.
The hippogriff closely misses you.
You closely miss the hippogriff.
The hippogriff is severely wounded.
The hippogriff bites you but does no damage.
The hippogriff pecks you. The hippogriff claws you. The hippogriff bites you!
* * * LOW HITPOINT WARNING * * *
The hippogriff closely misses you. The hippogriff barely misses you.
You are too injured to fight recklessly!
Unknown command.
You hit the hippogriff.
The hippogriff is severely wounded.
The hippogriff bites you.
* * * LOW HITPOINT WARNING * * *
The hippogriff pecks you.
* * * LOW HITPOINT WARNING * * *
The hippogriff claws you!
You die...

##...##.##.#
.#####.####.##.#
..!....# #.##.#
.#####.# #.##.#
.......# #.##.########
.#####.####.##.........
............##.#######.
####.#.#######...#
#.#.# ###@# #.#.# #H#
####.#.##### #.#
...........# #..
###....##... #.# #..###
#.# #..# #.# #..# ...
#.##


You could see a hippogriff.

Vanquished Creatures
  2 adders
  An ooze (D:3)
  4 worms (D:2)
  A dart slug (D:2)
  2 leopard geckos
  An orc (D:3)
  9 bats
  3 giant cockroaches
  8 goblins
  4 hobgoblins
  8 jackals
  3 kobolds
  A quokka (D:2)
  A ball python (D:1)
  5 frilled lizards
  6 rats
59 creatures vanquished.

Notes
Turn   | Place    | Note
-------+----------+-------------------------------------------
     0 | D:1      | Alarkh the Mummy Fighter began the quest for the Orb.
     0 | D:1      | Reached XP level 1. HP: 18/18 MP: 1/1
   117 | D:1      | Reached XP level 2. HP: 24/24 MP: 2/2
   910 | D:2      | Reached XP level 3. HP: 28/29 MP: 3/3
  1511 | D:2      | Found a burning altar of Makhleb.
  1515 | D:2      | Found a blossoming altar of Fedhas.
  1603 | D:2      | Found a radiant altar of Vehumet.
  1782 | D:3      | Reached XP level 4. HP: 33/35 MP: 4/4
  1797 | D:3      | Found a sparkling altar of Nemelex Xobeh.
  2252 | D:3      | Noticed a hippogriff
  2264 | D:3      | Slain by a hippogriff

Vault maps used:
D:1:      dpeg_arrival_leaves_temple_mockup, minmay_split_cup_large
D:2:      marbit_many_paths, overflow_temple_1_default, minivault_24,
          fedhas_altar_3
D:3:      kennysheep_goblin_castle, lemuel_crystal_altar, first_bread

Skill      XL: |  1  2  3 |
---------------+----------+-----
Long Blades    | 2 3 |  3.9
Fighting       | |  3.0
Armour         | |  2.4
Shields        | |  2.4

Action                   |  1- 3 |  4- 6 || total
-------------------------+-------+-------++-------
Melee: Long sword        |   182 |    74 ||   256
  Use: Scroll            |       |     1 ||     1
Armor: Scale mail        |    83 |    41 ||   124
Dodge: Dodged            |    53 |    31 ||    84
Block: Shield            |    73 |    46 ||   119
